 Dungeon Crawl Stone Soup version 0.31-a0-234-gad7ace16ef (webtiles) character file.

Game seed: 298788748047617115

112 qw the Shooter (level 4, -6/26 HPs)
             Began as a Gargoyle Hexslinger on July 9, 2023.
             Killed by divine providence
             ... invoked by an orc priest
              (13 damage)
             ... on level 3 of the Dungeon.
             The game lasted 00:00:44 (1714 turns).

qw the Shooter (Gargoyle Hexslinger)                Turns: 1714, Time: 00:00:45

Health: -6/26      AC: 10    Str: 12    XL:     4   Next: 93%
Magic:  5/5        EV: 10    Int: 13    God:
Gold:   75         SH:  0    Dex: 14    Spells: 4/5 levels left

rFire   . . .        Y - +1 sling
rCold   . . .        (no shield)
rNeg    + . .        g - +0 ring mail
rPois   inf          h - +0 helmet
rElec   +            (no cloak)
rCorr   .            c - +0 pair of gloves
SInv    .            (no boots)
Will    .....        (no amulet)
Stlth   +            (no ring)
HPRegen 0.24/turn    (no ring)
MPRegen 0.09/turn

%: no passive effects
@: no status effects
A: sickness immunity, AC +3, negative energy resistance 1, electricity
resistance, torment resistance 1, petrification resistance
a: no special abilities


You were on level 3 of the Dungeon.
You visited 1 branch of the dungeon, and saw 3 of its levels.

You collected 117 gold pieces.
You spent 42 gold pieces at shops.


Innate Abilities, Weirdness & Mutations

You are immune to sickness and miasma.
Your stone body is resilient. (AC +3)
You are immune to poison.
You resist negative energy. (rN+)
You are resistant to electric shocks. (rElec)
You are resistant to unholy torment.
You are immune to petrification.


   Skills:
 - Level 2.0 Fighting
 + Level 4.4 Ranged Weapons
 - Level 1.0 Armour
 - Level 1.5 Dodging
 - Level 1.0 Spellcasting
 - Level 2.6 Hexes


You had 4 spell levels left.
You knew the following spells:

 Your Spells              Type           Power      Damage    Failure   Level
a - Slow                  Hex            28%        N/A       22%         1

Your spell library contained the following spells:

 Spells                   Type           Power      Damage    Failure   Level
 Inner Flame              Hex/Fire       4%         N/A       73%         3
 Portal Projectile        Hex/Tloc       8%         N/A       73%         3
 Cause Fear               Hex            3%         N/A       91%         4

Inventory:

Hand Weapons
 Y - a +1 sling (weapon)
Armour
 c - a +0 pair of gloves (worn)
 g - a +0 ring mail (worn)
 h - a +0 helmet (worn)
Scrolls
 a - 2 scrolls of identify
Potions
 b - a potion of mutation {unknown}
 d - a potion of heal wounds {unknown}
 e - a potion of degeneration {unknown}
 f - 2 potions of curing
 i - a potion of invisibility {unknown}
 j - a potion of magic {unknown}
 k - a potion of ambrosia {unknown}

Dungeon Overview and Level Annotations

Branches:
Dungeon (3/15)

Altars:
Ashenzari

Shops:
D:2 ((!


Message History

The orc shouts!
The orc priest shouts!
The sling bullet hits the adder!
The adder is severely wounded.
You shoot a sling bullet.
The sling bullet closely misses the adder.
The sling bullet hits the orc.
The orc is moderately wounded.
The adder closely misses you.
You shoot a sling bullet.
The sling bullet completely misses the adder.
The sling bullet hits the orc but does no damage.
The orc is moderately wounded.
The adder bites you but does no damage.
You shoot a sling bullet.
The sling bullet hits the adder but does no damage.
The adder is severely wounded.
The adder bites you. The adder bites you but does no damage.
You shoot a sling bullet.
The sling bullet closely misses the adder.
The sling bullet hits the orc!
You kill the orc!
The adder bites you but does no damage. The adder closely misses you.
You shoot a sling bullet. The sling bullet hits the adder.
The adder is almost dead.
The orc priest mumbles some strange prayers to Beogh against you.
Beogh smites you!
Ouch! That really hurt!
The adder bites you.
You shoot a sling bullet. The sling bullet hits the adder.
The adder is almost dead.
The adder barely misses you. The adder bites you but does no damage.
You shoot a sling bullet.
The sling bullet closely misses the adder.
The sling bullet hits the orc.
The orc is almost dead.
The adder bites you but does no damage.
The orc priest calls down the wrath of Beogh upon you.
Beogh smites you!
Ouch! That really hurt!
You die...

.). .[? #.#
#o# #o# #o#
### #S# ..#
#@# #.# #.#
#.#
########.#
#.#
#........#
..#
#.########
#########.#
..........#
###########


You could see an orc priest, an adder and 2 orcs.

Vanquished Creatures
  Robin (D:3)
  4 adders (D:2)
  A dart slug (D:1)
  4 orcs (D:3)
  5 endoplasms
  A giant cockroach (D:2)
  14 goblins
  6 hobgoblins
  2 jackals (D:2)
  3 quokkas
  A ball python (D:1)
  4 bats
  A frilled lizard (D:2)
  2 kobolds
  5 rats
54 creatures vanquished.

Notes
Turn   | Place    | Note
-------+----------+-------------------------------------------
     0 | D:1      | qw the Gargoyle Hexslinger began the quest for the Orb.
     0 | D:1      | Reached XP level 1. HP: 12/12 MP: 2/2
     0 | D:1      | 0 ||| qw: Version: 0.3-a-51-g015441d
     0 | D:1      | 0 ||| qw: Game counter: 4270
     0 | D:1      | 0 ||| qw: Melee chars always use a shield: true
     0 | D:1      | 0 ||| qw: God list: Okawaru
     0 | D:1      | 0 ||| qw: Allow faded altars: false
     0 | D:1      | 0 ||| qw: Do Orc after clearing Dungeon:15 true
     0 | D:1      | 0 ||| qw: Do second Lair branch before Depths: true
     0 | D:1      | 0 ||| qw: Lair rune preference: random
     0 | D:1      | 0 ||| qw: Goals: Normal
     0 | D:1      | 0 ||| PLANNING D:1-11
   158 | D:1      | Reached XP level 2. HP: 16/16 MP: 3/3
   407 | D:1      | Reached skill level 3 in Ranged Weapons
   677 | D:1      | 677 ||| UPGRADING to +0 ring mail.
   687 | D:1      | 687 ||| DROPPING +0 robe.
   688 | D:1      | 688 ||| UPGRADING to +0 helmet.
   693 | D:1      | 693 ||| READING 2 scrolls labelled ZUSYEVEIRA.
   694 | D:1      | 694 ||| DROPPING scroll of poison.
   870 | D:2      | Reached XP level 3. HP: 21/21 MP: 4/4
   894 | D:2      | Found Birits's Distillery.
   899 | D:2      | 899 ||| SHOPLISTING 2 potions of heal wounds (140 gold,
                  | have 46).
   899 | D:2      | 899 ||| SHOPLISTING potion of cancellation (112 gold, have
                  | 46).
   899 | D:2      | 899 ||| BUYING potion of curing (42 gold).
   899 | D:2      | Bought a potion of curing for 42 gold pieces
   899 | D:2      | 899 ||| SHOPLISTING potion of curing (42 gold, have 4).
   899 | D:2      | 899 ||| SHOPLISTING potion of mutation (112 gold, have 4).
   949 | D:2      | Reached skill level 1 in Armour
   996 | D:2      | Found Tintok's Antique Weapon Boutique.
  1006 | D:2      | 1006 ||| SHOPLISTING glowing sling (121 gold, have 22).
  1006 | D:2      | 1006 ||| SHOPLISTING runed arbalest (202 gold, have 22).
  1028 | D:2      | Found a faded altar of an unknown god.
  1116 | D:2      | Found Jioci's Weapon Boutique.
  1124 | D:2      | Found a broken altar of Ashenzari.
  1127 | D:2      | 1127 ||| SHOPLISTING +0 sling of freezing (61 gold, have
                  | 60).
  1272 | D:2      | Reached XP level 4. HP: 22/26 MP: 5/5
  1474 | D:2      | 1474 ||| UPGRADING to +0 pair of gloves.
  1538 | D:3      | 1538 ||| STAIRDANCE
  1547 | D:2      | Reached skill level 4 in Ranged Weapons
  1581 | D:3      | Noticed Robin
  1613 | D:3      | Killed Robin
  1712 | D:3      | HP: 6/26 [adder (2)]
  1714 | D:3      | Killed from afar by an orc priest

Levels and vault maps discovered:
D:1:      minmay_arrival_split_and_join, layout_basic
D:2:      layout_loops_cross, basic_altar, ebering_ecumenical_altar_mist,
          serial_forest, infiniplex_forest_lined_2, infiniplex_forest_lined_3,
          infiniplex_forest_straight_5, infiniplex_forest_clump_diagonal,
          infiniplex_forest_straight_4, infiniplex_forest_clump_curved,
          infiniplex_forest_clump_long, infiniplex_forest_clump_cross,
          infiniplex_forest_fountain, serial_shops,
          nicolae_shop_competitors_out_of_business, nicolae_shop_waterfront,
          nicolae_shop_rolling_square, serial_bayou_pond_c
D:3:      layout_loops_ring, cheibrodos_ashenzari_chains,
          ebering_ghost_rock_garden, uniq_robin

Skill      XL: |  1  2  3  4 |
---------------+-------------+-----
Ranged Weapons | 3 4 |  4.4
Fighting       | 2 |  2.0
Armour         | 1 |  1.0
Dodging        | |  1.5
Spellcasting   | |  1.0
Hexes          | |  2.6

Action                     |  1- 3 |  4- 6 || total
---------------------------+-------+-------++-------
   Fire: Sling             |   117 |    82 ||   199
    Use: Scroll            |     1 |       ||     1
 Armour: Robe              |     6 |       ||     6
         Ring mail         |    23 |    51 ||    74
  Dodge: Dodged            |    44 |    52 ||    96

Table legend:
 A = Non-vault XP
 B = Vault XP
 C = Vault XP percentage of total XP
 D = Non-vault monster count
 E = Vault monster count
 F = Vault count percentage of total count
                 A         B        C        D         E       F
            +---------+---------+-------+---------+---------+-------
      Total |     127 |      33 |  20.6 |      44 |      10 |  18.5
            +---------+---------+-------+---------+---------+-------
        D:1 |      26 |       0 |   0.0 |      15 |       0 |   0.0
        D:2 |      87 |       0 |   0.0 |      23 |       0 |   0.0
        D:3 |      14 |      33 |  70.2 |       6 |      10 |  62.5
            +---------+---------+-------+---------+---------+-------
